Canucks vs Hurricanes

Created - 8 janvier 2024 at 18:43

Goals
1 2 3 T
Canucks 1 2 2 5
Hurricanes 0 1 2 3
Shots
1 2 3 T
Canucks 12 9 10 31
Hurricanes 11 10 15 36

GoalsPenalties
1st period
1. Canucks , John Tavares 31 (Jonathan Huberdeau 15, Ryan Johansen 27) at 11:15 (PP)
Austin Watson (VAN) for Roughing (Minor) at 1:27
Damon Severson (CAR) for Hooking (Minor) at 10:51
2nd period
2. Hurricanes , Zach Parise 9 (Mikael Backlund 14, Brock Boeser 25) at 3:45
3. Canucks , Jonathan Toews 14 (Eeli Tolvanen 20) at 14:25 (PP)
4. Canucks , Jonathan Toews 15 (Eeli Tolvanen 21, Mikey Anderson 8) at 17:57 (PP)
Marcus Foligno (CAR) for Holding (Minor) at 7:25
Ryan Lomberg (CAR) for Holding Stick (Minor) at 13:56
Shea Theodore (CAR) for Interference (Minor) at 17:20
3rd period
5. Hurricanes , Marcus Foligno 5 (Noah Cates 15, Damon Severson 13) at 2:03
6. Canucks , Jesse Puljujarvi 11 (Vincent Desharnais 4, William Carrier 14) at 6:30
7. Canucks , Pierre-Edouard Bellemare 6 (William Carrier 15, Jesse Puljujarvi 17) at 7:54
8. Hurricanes , Jimmy Vesey 8 (Tony DeAngelo 22, Ryan Lomberg 7) at 15:45
Mikael Backlund (CAR) for Hooking (Minor) at 4:15
Damon Severson (CAR) for High sticking (Minor) at 12:34
Goalie Stats
Mackenzie Blackwood (VAN), 33 saves from 36 shots - (0,917), W, 5-1-0, 60:00 minutes
Jordan Binnington (CAR), 26 saves from 31 shots - (0,839), L, 25-17-5, 60:00 minutes
3 StarsOfficial
1 - Jonathan Toews (VAN)
2 - Jesse Puljujarvi (VAN)
3 - Pierre-Edouard Bellemare (VAN)
Referees : Chris Schlenker and Marc Joannette
Linesman : Michel Cormier and Kory Nagy
Game Note
No Game Note
Finance
Level 1 -- Attendance: 4908 (82%) -- Ticket Income $490,800
Level 2 -- Attendance: 3916 (78%) -- Ticket Income $234,960
Level 3 -- Attendance: 2342 (50%) -- Ticket Income $81,970
Level 4 -- Attendance: 3298 (82%) -- Ticket Income $65,960
Luxury Box -- Attendance: 1000 (100%) -- Ticket Income $200,000
Game was played at the RBC Center.
Total Attendance: 15464 (75%)
Total Ticket Income: $1,073,690
Other Income: $322,107
Total Income: $1,395,797



Team Name Goals Shots Shots Attemp Shots Blocked PIM HIT PP PK FO%
Canucks 53156122263 / 6 (50%)047%
Hurricanes 33678912140 / 1 (0%)353%

Canucks
Player Name POS G A P +/- PIM HIT SHT SB MP PP MP PP SHT PK MP PK SHT FO% FOT GA TA
Austin WatsonLW/RW0000251019:183:2600:000100% 101
Brian DumoulinD000-1022328:154:1310:5500% 000
Eeli TolvanenLW/RW0220002018:463:2600:00067% 310
Jeff PetryD0000012024:524:1320:5500% 001
Jesse PuljujarviRW1122014013:290:0300:0000% 000
John TavaresC/LW101-3015125:273:5811:10148% 3110
Jonathan DrouinC/LW000-201015:580:0000:0400% 201
Jonathan HuberdeauLW/RW011-3055125:273:5821:10050% 210
Jonathan ToewsC2020012119:283:2620:45036% 1100
Justin SchultzD000-2010221:003:1401:0400% 003
Marcus BjorkD000-100003:540:0000:0000% 000
Mikey AndersonD011-2020121:203:1401:0400% 000
Nils AmanC000000001:550:0300:0000% 000
Oliver Ekman-LarssonD0002001110:340:0000:0000% 000
Pierre-Edouard BellemareC/LW1012031113:270:0000:04050% 412
Ryan JohansenC/RW011-1012020:553:5810:450100% 100
Vincent DesharnaisD0112001010:300:0000:0000% 000
William CarrierLW0222023013:250:0300:0000% 010
Hurricanes
Player Name POS G A P +/- PIM HIT SHT SB MP PP MP PP SHT PK MP PK SHT FO% FOT GA TA
Alex IafalloLW0000004013:240:0001:1500% 010
Anders LeeC/LW000-1021117:571:0500:1500% 000
Ben ChiarotD0002000125:301:1805:0500% 000
Brock BoeserRW0111003117:070:4601:41050% 410
Damon SeversonD011-1411222:560:3303:2600% 010
Dillon DubeC/LW/RW000-1012018:130:5400:480100% 100
Jimmy VeseyLW/RW101101309:160:1901:2500% 100
Marcus FolignoLW/RW1010226011:530:0000:0000% 000
Marcus PetterssonD0000010015:230:0002:2200% 001
Mikael BacklundC0111203018:420:5403:32052% 2510
Noah CatesC/LW0110021013:240:0001:15033% 600
Ryan LombergLW011120007:130:0000:0000% 020
Shea TheodoreD000-1203219:060:4100:0000% 000
Tage ThompsonC000-1022017:411:0500:00063% 1611
Tony DeAngeloD0112012021:201:2600:4700% 001
Zach PariseLW1011013019:530:5404:4300% 000
Zach WhitecloudD0000001216:150:0003:1400% 012
Zemgus GirgensonsC/LW000100107:140:0000:00050% 200

Canucks

5 vs 5 Forward
Line #Left WingCenterRight WingPHYDFOFWanted %Time %Time Play
1Jonathan HuberdeauJohn TavaresRyan Johansen1224034%17:23
2Eeli TolvanenJonathan ToewsAustin Watson1223030%15:23
3William CarrierPierre-Edouard BellemareJesse Puljujarvi1222025%12:35
4John TavaresJonathan DrouinJonathan Huberdeau1221010%5:13
5 vs 5 Defense
Line #DefenseDefensePHYDFOFWanted %Time %Time Play
1Brian DumoulinJeff Petry1224039%19:44
2Mikey AndersonJustin Schultz1223033%16:27
3Oliver Ekman-LarssonVincent Desharnais1222021%10:29
4Marcus BjorkBrian Dumoulin122108%3:54
Power Play Forward
Line #Left WingCenterRight WingPHYDFOFWanted %Time %Time Play
1Jonathan HuberdeauJohn TavaresRyan Johansen1226054%4:01
2Eeli TolvanenJonathan ToewsAustin Watson1224046%3:26
Power Play Defense
Line #DefenseDefensePHYDFOFWanted %Time %Time Play
1Brian DumoulinJeff Petry1226057%4:13
2Mikey AndersonJustin Schultz1224043%3:14
Penalty Kill 4 Players Forward
Line #CenterWingPHYDFOFWanted %Time %Time Play
1John TavaresJonathan Huberdeau1226062%1:14
2Ryan JohansenJonathan Toews1224038%0:45
Penalty Kill 4 Players Defense
Line #DefenseDefensePHYDFOFWanted %Time %Time Play
1Brian DumoulinJeff Petry1226046%0:55
2Mikey AndersonJustin Schultz1224054%1:04
Penalty Kill 3 Players
Line #WingPHYDFOFWanted %Time %Time PlayDefenseDefensePHYDFOFWanted %Time %Time Play
1John Tavares122600%0:00 Brian DumoulinJeff Petry122600%0:00
2Jonathan Huberdeau122400%0:00 Mikey AndersonJustin Schultz122400%0:00
4 vs 4 Forward
Line #CenterWingPHYDFOFWanted %Time %Time Play
1John TavaresJonathan Huberdeau122600%0:00
2Ryan JohansenJonathan Toews122400%0:00
4 vs 4 Defense
Line #DefensePHYDFOFWanted %Time %Time Play
1Brian DumoulinJeff Petry122600%0:00
2Mikey AndersonJustin Schultz122400%0:00
Last Minutes Offensive
Left WingCenterRight WingDefenseDefense
Jonathan HuberdeauJohn TavaresRyan JohansenBrian DumoulinJeff Petry
Last Minutes Defensive
Left WingCenterRight WingDefenseDefense
Jonathan HuberdeauJohn TavaresRyan JohansenBrian DumoulinJeff Petry
Time
Total ForwardTotal DefenseLast Minutes OffensiveLast Minutes Defensive
60:00 60:00 0:000:00
Extra Forwards
Normal PowerPlayPenalty Kill
Nils Aman, William Carrier, Pierre-Edouard BellemareNils Aman, William CarrierPierre-Edouard Bellemare
Extra Defensemen
Normal PowerPlayPenalty Kill
Oliver Ekman-Larsson, Vincent Desharnais, Marcus BjorkOliver Ekman-Larsson, Vincent DesharnaisMarcus Bjork
Penalty Shots
John Tavares, Jonathan Huberdeau, Ryan Johansen, Jonathan Toews, Eeli Tolvanen
Goalie
Mackenzie Blackwood, Anton Forsberg
Scratches
None

Hurricanes

5 vs 5 Forward
Line #Left WingCenterRight WingPHYDFOFWanted %Time %Time Play
1Anders LeeTage ThompsonDillon Dube1223533%16:55
2Zach PariseMikael BacklundBrock Boeser1223330%15:00
3Alex IafalloNoah CatesMarcus Foligno1222223%11:25
4Ryan LombergZemgus GirgensonsJimmy Vesey1221014%7:14
5 vs 5 Defense
Line #DefenseDefensePHYDFOFWanted %Time %Time Play
1Shea TheodoreDamon Severson1223536%18:10
2Ben ChiarotTony DeAngelo1223536%18:05
3Marcus PetterssonZach Whitecloud1222525%12:50
4Shea TheodoreDamon Severson12253%1:29
Power Play Forward
Line #Left WingCenterRight WingPHYDFOFWanted %Time %Time Play
1Anders LeeTage ThompsonBrock Boeser1226055%1:05
2Zach PariseMikael BacklundDillon Dube1224045%0:54
Power Play Defense
Line #DefenseDefensePHYDFOFWanted %Time %Time Play
1Shea TheodoreTony DeAngelo1226072%1:26
2Ben ChiarotDamon Severson1224028%0:33
Penalty Kill 4 Players Forward
Line #CenterWingPHYDFOFWanted %Time %Time Play
1Mikael BacklundZach Parise1226083%6:12
2Noah CatesAlex Iafallo1224017%1:15
Penalty Kill 4 Players Defense
Line #DefenseDefensePHYDFOFWanted %Time %Time Play
1Ben ChiarotDamon Severson1225568%5:05
2Marcus PetterssonZach Whitecloud1224532%2:22
Penalty Kill 3 Players
Line #WingPHYDFOFWanted %Time %Time PlayDefenseDefensePHYDFOFWanted %Time %Time Play
1Mikael Backlund122500%0:00 Ben ChiarotDamon Severson122500%0:00
2Noah Cates122500%0:00 Marcus PetterssonZach Whitecloud122500%0:00
4 vs 4 Forward
Line #CenterWingPHYDFOFWanted %Time %Time Play
1Tage ThompsonBrock Boeser122600%0:00
2Anders LeeZach Parise122400%0:00
4 vs 4 Defense
Line #DefensePHYDFOFWanted %Time %Time Play
1Shea TheodoreDamon Severson122600%0:00
2Ben ChiarotTony DeAngelo122400%0:00
Last Minutes Offensive
Left WingCenterRight WingDefenseDefense
Anders LeeTage ThompsonBrock BoeserShea TheodoreTony DeAngelo
Last Minutes Defensive
Left WingCenterRight WingDefenseDefense
Noah CatesMikael BacklundJimmy VeseyBen ChiarotZach Whitecloud
Time
Total ForwardTotal DefenseLast Minutes OffensiveLast Minutes Defensive
60:00 60:00 0:000:00
Extra Forwards
Normal PowerPlayPenalty Kill
Tage Thompson, Anders Lee, Brock BoeserTage Thompson, Anders LeeBrock Boeser
Extra Defensemen
Normal PowerPlayPenalty Kill
Damon Severson, Ben Chiarot, Zach WhitecloudTony DeAngelo, Ben ChiarotZach Whitecloud
Penalty Shots
Anders Lee, Tage Thompson, Dillon Dube, Mikael Backlund, Zach Parise
Goalie
Jordan Binnington, Laurent Brossoit
Scratches
Danton Heinen (Healthy), Devin Shore (Healthy), Troy Stecher (Healthy)


Play-by-Play

1st period


0:01 of 1st period - John Tavares wins face-off versus Tage Thompson in neutral zone.
0:06 of 1st period - Damon Severson is hit by Jonathan Huberdeau and loses puck.
0:44 of 1st period - Zach Parise is hit by Austin Watson and loses puck.
1:27 of 1st period - Minor Penalty to Austin Watson for Roughing.
1:28 of 1st period - John Tavares wins face-off versus Brock Boeser in Canucks zone.
1:36 of 1st period - Snap shot by John Tavares.
1:36 of 1st period - Stopped by Jordan Binnington without a rebound.
1:37 of 1st period - Tage Thompson wins face-off versus John Tavares in Hurricanes zone.
1:37 of 1st period - Tage Thompson is hit by Mikey Anderson.
3:09 of 1st period - Ryan Johansen is hit by Zach Parise and loses puck.
3:26 of 1st period - Shea Theodore is hit by Pierre-Edouard Bellemare and loses puck.
3:27 of 1st period - Penalty to Austin Watson is over, Austin Watson is back on ice.
4:15 of 1st period - Wrist shot by William Carrier.
4:15 of 1st period - Stopped by Jordan Binnington without a rebound.
4:16 of 1st period - Jonathan Huberdeau wins face-off versus Jimmy Vesey in Hurricanes zone.
4:48 of 1st period - Wrist shot by Jesse Puljujarvi.
4:48 of 1st period - Deflect By William Carrier.
4:48 of 1st period - Stopped by Jordan Binnington with a rebound.
4:50 of 1st period - Slapshot by Vincent Desharnais.
4:50 of 1st period - Stopped by Jordan Binnington with a rebound.
4:52 of 1st period - Slapshot by Jesse Puljujarvi.
4:52 of 1st period - Stopped by Jordan Binnington without a rebound.
4:53 of 1st period - Jonathan Toews wins face-off versus Tage Thompson in Hurricanes zone.
5:04 of 1st period - Snap shot by Jonathan Toews.
5:04 of 1st period - Shot Misses the Net.
5:06 of 1st period - Snap shot by Eeli Tolvanen.
5:06 of 1st period - Shot Blocked by Anders Lee.
5:20 of 1st period - Brian Dumoulin is hit by Tony DeAngelo and loses puck.
5:25 of 1st period - Wrist shot by Marcus Foligno.
5:25 of 1st period - Stopped by Mackenzie Blackwood without a rebound.
5:26 of 1st period - John Tavares wins face-off versus Noah Cates in Canucks zone.
5:53 of 1st period - Snap shot by Tage Thompson.
5:53 of 1st period - Shot Blocked by Justin Schultz.
5:55 of 1st period - Snap shot by Tage Thompson.
5:55 of 1st period - Stopped by Mackenzie Blackwood without a rebound.
5:56 of 1st period - Dillon Dube wins face-off versus Pierre-Edouard Bellemare in Canucks zone.
6:22 of 1st period - Wrist shot by Dillon Dube.
6:22 of 1st period - Shot Misses the Net.
7:20 of 1st period - Snap shot by Jesse Puljujarvi.
7:20 of 1st period - Shot Misses the Net.
7:22 of 1st period - Slapshot by Jeff Petry.
7:22 of 1st period - Deflect By Jesse Puljujarvi.
7:22 of 1st period - Stopped by Jordan Binnington without a rebound.
7:23 of 1st period - Mikael Backlund wins face-off versus John Tavares in Hurricanes zone.
7:57 of 1st period - Icing by Ben Chiarot.
7:58 of 1st period - Austin Watson wins face-off versus Noah Cates in Hurricanes zone.
8:11 of 1st period - Wrist shot by Jonathan Toews.
8:11 of 1st period - Shot Misses the Net.
8:13 of 1st period - Snap shot by Oliver Ekman-Larsson.
8:13 of 1st period - Stopped by Jordan Binnington without a rebound.
8:14 of 1st period - Mikael Backlund wins face-off versus John Tavares in Hurricanes zone.
9:21 of 1st period - Jimmy Vesey is hit by Mikey Anderson and loses puck.
9:28 of 1st period - Snap shot by William Carrier.
9:28 of 1st period - Shot Misses the Net.
9:39 of 1st period - Off-side.
9:40 of 1st period - Eeli Tolvanen wins face-off versus Mikael Backlund in neutral zone.
9:49 of 1st period - Wrist shot by Jonathan Toews.
9:49 of 1st period - Shot Misses the Net.
10:27 of 1st period - Off-side.
10:28 of 1st period - Pierre-Edouard Bellemare wins face-off versus Noah Cates in neutral zone.
10:51 of 1st period - Minor Penalty to Damon Severson for Hooking.
10:52 of 1st period - Ryan Johansen wins face-off versus Mikael Backlund in Hurricanes zone.
10:53 of 1st period - Snap shot by John Tavares.
10:53 of 1st period - Shot Blocked by Zach Whitecloud.
10:55 of 1st period - Slapshot by Jeff Petry.
10:55 of 1st period - Shot Misses the Net.
10:57 of 1st period - Backhand shot by Brian Dumoulin.
10:57 of 1st period - Stopped by Jordan Binnington without a rebound.
10:58 of 1st period - John Tavares wins face-off versus Mikael Backlund in Hurricanes zone.
11:09 of 1st period - Slapshot by Jonathan Huberdeau.
11:09 of 1st period - Stopped by Jordan Binnington with a rebound.
11:11 of 1st period - Snap shot by Ryan Johansen.
11:11 of 1st period - Shot Misses the Net.
11:15 of 1st period - Snap shot by John Tavares.
11:15 of 1st period - Deflect By Mikael Backlund.
11:15 of 1st period - Goal by John Tavares - Canucks : 1 - Hurricanes : 0.
11:16 of 1st period - John Tavares wins face-off versus Mikael Backlund in neutral zone.
12:05 of 1st period - Noah Cates is hit by Jesse Puljujarvi and loses puck.
12:45 of 1st period - Wrist shot by Zach Parise.
12:45 of 1st period - Shot Misses the Net.
12:47 of 1st period - Slapshot by Shea Theodore.
12:47 of 1st period - Deflect By Jonathan Huberdeau.
12:47 of 1st period - Stopped by Mackenzie Blackwood with a rebound.
12:49 of 1st period - Snap shot by Brock Boeser.
12:49 of 1st period - Shot Misses the Net.
12:51 of 1st period - Snap shot by Zach Parise.
12:51 of 1st period - Shot Blocked by Brian Dumoulin.
13:51 of 1st period - Ryan Lomberg is hit by Austin Watson and loses puck.
13:58 of 1st period - Slapshot by Ben Chiarot.
13:58 of 1st period - Shot Misses the Net.
14:53 of 1st period - Justin Schultz is hit by Noah Cates and loses puck.
15:31 of 1st period - Snap shot by Jimmy Vesey.
15:31 of 1st period - Deflect By Jeff Petry.
15:31 of 1st period - Shot Misses the Net.
15:31 of 1st period - Puck is out of play.
15:32 of 1st period - Zemgus Girgensons wins face-off versus Jonathan Toews in Canucks zone.
15:55 of 1st period - Snap shot by Zach Parise.
15:55 of 1st period - Stopped by Mackenzie Blackwood with a rebound.
15:57 of 1st period - Snap shot by Zach Parise.
15:57 of 1st period - Shot Blocked by Pierre-Edouard Bellemare.
16:01 of 1st period - Snap shot by Zach Parise.
16:01 of 1st period - Stopped by Mackenzie Blackwood without a rebound.
16:02 of 1st period - John Tavares wins face-off versus Tage Thompson in Canucks zone.
16:36 of 1st period - Snap shot by Mikael Backlund.
16:36 of 1st period - Stopped by Mackenzie Blackwood with a rebound.
16:38 of 1st period - Snap shot by Zach Parise.
16:38 of 1st period - Shot Hit the Post.
16:40 of 1st period - Snap shot by Zach Parise.
16:40 of 1st period - Shot Misses the Net.
17:00 of 1st period - Snap shot by Eeli Tolvanen.
17:00 of 1st period - Deflect By Austin Watson.
17:00 of 1st period - Shot Blocked by Damon Severson.
17:00 of 1st period - Puck is out of play.
17:01 of 1st period - John Tavares wins face-off versus Mikael Backlund in Hurricanes zone.
17:28 of 1st period - Austin Watson is hit by Tage Thompson and loses puck.
18:01 of 1st period - Backhand shot by Shea Theodore.
18:01 of 1st period - Stopped by Mackenzie Blackwood with a rebound.
18:03 of 1st period - Slapshot by Damon Severson.
18:03 of 1st period - Stopped by Mackenzie Blackwood with a rebound.
18:05 of 1st period - Snap shot by Jimmy Vesey.
18:05 of 1st period - Stopped by Mackenzie Blackwood without a rebound.
18:06 of 1st period - Mikael Backlund wins face-off versus John Tavares in Canucks zone.
18:59 of 1st period - Snap shot by Noah Cates.
18:59 of 1st period - Deflect By Marcus Foligno.
18:59 of 1st period - Deflect By Jonathan Huberdeau.
18:59 of 1st period - Stopped by Mackenzie Blackwood without a rebound.
19:00 of 1st period - Mikael Backlund wins face-off versus Jonathan Drouin in Canucks zone.
19:09 of 1st period - Zach Parise is hit by Jonathan Huberdeau and loses puck.
19:20 of 1st period - Wrist shot by Eeli Tolvanen.
19:20 of 1st period - Stopped by Jordan Binnington with a rebound.
19:22 of 1st period - Wrist shot by Austin Watson.
19:22 of 1st period - Stopped by Jordan Binnington without a rebound.
19:23 of 1st period - Tage Thompson wins face-off versus Jonathan Toews in Hurricanes zone.
19:36 of 1st period - Snap shot by Tage Thompson.
19:36 of 1st period - Deflect By Anders Lee.
19:36 of 1st period - Stopped by Mackenzie Blackwood with a rebound.
Goals for this period are 1 for Canucks vs 0 for Hurricanes.
Shots for this period are 12 for Canucks vs 11 for Hurricanes.

2nd period


0:01 of 2nd period - Brock Boeser wins face-off versus John Tavares in neutral zone.
0:04 of 2nd period - Slapshot by Tony DeAngelo.
0:04 of 2nd period - Stopped by Mackenzie Blackwood with a rebound.
1:10 of 2nd period - Slapshot by John Tavares.
1:10 of 2nd period - Stopped by Jordan Binnington without a rebound.
1:11 of 2nd period - John Tavares wins face-off versus Zemgus Girgensons in Hurricanes zone.
1:18 of 2nd period - Snap shot by John Tavares.
1:18 of 2nd period - Shot Blocked by Zach Whitecloud.
1:20 of 2nd period - Slapshot by Ryan Johansen.
1:20 of 2nd period - Deflect By John Tavares.
1:20 of 2nd period - Stopped by Jordan Binnington without a rebound.
1:21 of 2nd period - John Tavares wins face-off versus Mikael Backlund in Hurricanes zone.
1:30 of 2nd period - Snap shot by Jonathan Huberdeau.
1:30 of 2nd period - Stopped by Jordan Binnington without a rebound.
1:31 of 2nd period - John Tavares wins face-off versus Mikael Backlund in Hurricanes zone.
1:49 of 2nd period - Snap shot by John Tavares.
1:49 of 2nd period - Stopped by Jordan Binnington with a rebound.
1:59 of 2nd period - Snap shot by Brock Boeser.
1:59 of 2nd period - Shot Misses the Net.
2:01 of 2nd period - Wrist shot by Brock Boeser.
2:01 of 2nd period - Stopped by Mackenzie Blackwood with a rebound.
2:05 of 2nd period - Snap shot by Brock Boeser.
2:05 of 2nd period - Stopped by Mackenzie Blackwood with a rebound.
2:07 of 2nd period - Slapshot by Tony DeAngelo.
2:07 of 2nd period - Stopped by Mackenzie Blackwood with a rebound.
2:09 of 2nd period - Snap shot by Zach Parise.
2:09 of 2nd period - Shot Misses the Net.
2:11 of 2nd period - Backhand shot by Brock Boeser.
2:11 of 2nd period - Shot Misses the Net.
2:13 of 2nd period - Snap shot by Mikael Backlund.
2:13 of 2nd period - Shot Misses the Net.
2:15 of 2nd period - Wrist shot by Brock Boeser.
2:15 of 2nd period - Shot Misses the Net.
2:17 of 2nd period - Slapshot by Tony DeAngelo.
2:17 of 2nd period - Deflect By Mikael Backlund.
2:17 of 2nd period - Stopped by Mackenzie Blackwood with a rebound.
3:13 of 2nd period - Slapshot by Mikael Backlund.
3:13 of 2nd period - Shot Misses the Net.
3:15 of 2nd period - Slapshot by Brock Boeser.
3:15 of 2nd period - Shot Misses the Net.
3:29 of 2nd period - Wrist shot by Brock Boeser.
3:29 of 2nd period - Shot Misses the Net.
3:31 of 2nd period - Snap shot by Ben Chiarot.
3:31 of 2nd period - Shot Blocked by Mikey Anderson.
3:45 of 2nd period - Snap shot by Zach Parise.
3:45 of 2nd period - Goal by Zach Parise - Canucks : 1 - Hurricanes : 1.
3:46 of 2nd period - Tage Thompson wins face-off versus Eeli Tolvanen in neutral zone.
3:51 of 2nd period - Snap shot by Tage Thompson.
3:51 of 2nd period - Stopped by Mackenzie Blackwood with a rebound.
4:40 of 2nd period - Brian Dumoulin is hit by Jimmy Vesey and loses puck.
5:30 of 2nd period - Jonathan Toews is hit by Tage Thompson and loses puck.
5:45 of 2nd period - Jesse Puljujarvi is hit by Marcus Foligno and loses puck.
5:58 of 2nd period - Noah Cates is hit by Justin Schultz and loses puck.
6:19 of 2nd period - Jimmy Vesey is hit by Jonathan Drouin and loses puck.
7:25 of 2nd period - Minor Penalty to Marcus Foligno for Holding.
7:26 of 2nd period - John Tavares wins face-off versus Mikael Backlund in Hurricanes zone.
8:24 of 2nd period - Austin Watson is hit by Damon Severson.
8:27 of 2nd period - Icing by Eeli Tolvanen.
8:28 of 2nd period - Eeli Tolvanen wins face-off versus Noah Cates in Canucks zone.
8:50 of 2nd period - Ben Chiarot is hit by John Tavares and loses puck.
9:25 of 2nd period - Penalty to Marcus Foligno is over, Marcus Foligno is back on ice.
9:51 of 2nd period - Wrist shot by Jesse Puljujarvi.
9:51 of 2nd period - Shot Blocked by Shea Theodore.
12:13 of 2nd period - Jimmy Vesey is hit by Austin Watson and loses puck.
12:34 of 2nd period - Ryan Johansen is hit by Marcus Foligno.
13:16 of 2nd period - Wrist shot by Noah Cates.
13:16 of 2nd period - Shot Blocked by Jonathan Huberdeau.
13:18 of 2nd period - Snap shot by Marcus Foligno.
13:18 of 2nd period - Stopped by Mackenzie Blackwood with a rebound.
13:56 of 2nd period - Minor Penalty to Ryan Lomberg for Holding Stick.
13:57 of 2nd period - Mikael Backlund wins face-off versus Jonathan Toews in Hurricanes zone.
14:10 of 2nd period - Slapshot by Jeff Petry.
14:10 of 2nd period - Stopped by Jordan Binnington without a rebound.
14:11 of 2nd period - Mikael Backlund wins face-off versus Jonathan Toews in Hurricanes zone.
14:20 of 2nd period - Zach Parise is hit by Austin Watson and loses puck.
14:25 of 2nd period - Wrist shot by Jonathan Toews.
14:25 of 2nd period - Goal by Jonathan Toews - Canucks : 2 - Hurricanes : 1.
14:26 of 2nd period - Tage Thompson wins face-off versus John Tavares in neutral zone.
15:43 of 2nd period - Snap shot by Jonathan Huberdeau.
15:43 of 2nd period - Stopped by Jordan Binnington with a rebound.
16:16 of 2nd period - Snap shot by John Tavares.
16:16 of 2nd period - Shot Misses the Net.
16:33 of 2nd period - Off-side.
16:34 of 2nd period - Noah Cates wins face-off versus Jonathan Toews in neutral zone.
16:45 of 2nd period - Wrist shot by Noah Cates.
16:45 of 2nd period - Shot Blocked by Oliver Ekman-Larsson.
16:47 of 2nd period - Slapshot by Marcus Pettersson.
16:47 of 2nd period - Shot Misses the Net.
16:51 of 2nd period - Slapshot by Marcus Foligno.
16:51 of 2nd period - Stopped by Mackenzie Blackwood without a rebound.
16:52 of 2nd period - Tage Thompson wins face-off versus Jonathan Huberdeau in Canucks zone.
16:53 of 2nd period - Wrist shot by Anders Lee.
16:53 of 2nd period - Shot Misses the Net.
17:20 of 2nd period - Minor Penalty to Shea Theodore for Interference.
17:21 of 2nd period - Mikael Backlund wins face-off versus John Tavares in Hurricanes zone.
17:32 of 2nd period - Ben Chiarot is hit by Jonathan Huberdeau and loses puck.
17:57 of 2nd period - Slapshot by Eeli Tolvanen.
17:57 of 2nd period - Deflect By Jonathan Toews.
17:57 of 2nd period - Goal by Jonathan Toews - Canucks : 3 - Hurricanes : 1.
17:58 of 2nd period - John Tavares wins face-off versus Tage Thompson in neutral zone.
18:01 of 2nd period - Snap shot by Brian Dumoulin.
18:01 of 2nd period - Shot Misses the Net.
18:25 of 2nd period - Brock Boeser is hit by Austin Watson and loses puck.
19:48 of 2nd period - Wrist shot by Jesse Puljujarvi.
19:48 of 2nd period - Stopped by Jordan Binnington without a rebound.
19:49 of 2nd period - Mikael Backlund wins face-off versus Pierre-Edouard Bellemare in Hurricanes zone.
19:58 of 2nd period - Snap shot by Brock Boeser.
19:58 of 2nd period - Deflect By Pierre-Edouard Bellemare.
19:58 of 2nd period - Stopped by Mackenzie Blackwood with a rebound.
Goals for this period are 2 for Canucks vs 1 for Hurricanes.
Shots for this period are 9 for Canucks vs 10 for Hurricanes.

3rd period


0:01 of 3rd period - Tage Thompson wins face-off versus John Tavares in neutral zone.
0:06 of 3rd period - Slapshot by Dillon Dube.
0:06 of 3rd period - Stopped by Mackenzie Blackwood with a rebound.
0:20 of 3rd period - Jeff Petry is hit by Anders Lee and loses puck.
0:59 of 3rd period - Backhand shot by Pierre-Edouard Bellemare.
0:59 of 3rd period - Shot Misses the Net.
1:01 of 3rd period - Snap shot by Jesse Puljujarvi.
1:01 of 3rd period - Shot Misses the Net.
1:03 of 3rd period - Snap shot by William Carrier.
1:03 of 3rd period - Shot Blocked by Ben Chiarot.
1:13 of 3rd period - Tony DeAngelo is hit by Jonathan Huberdeau and loses puck.
1:32 of 3rd period - Snap shot by Alex Iafallo.
1:32 of 3rd period - Stopped by Mackenzie Blackwood with a rebound.
2:01 of 3rd period - Slapshot by Noah Cates.
2:01 of 3rd period - Shot Blocked by Justin Schultz.
2:03 of 3rd period - Wrist shot by Marcus Foligno.
2:03 of 3rd period - Goal by Marcus Foligno - Canucks : 3 - Hurricanes : 2.
2:04 of 3rd period - Tage Thompson wins face-off versus Jonathan Toews in neutral zone.
2:38 of 3rd period - Jeff Petry is hit by Anders Lee and loses puck.
3:33 of 3rd period - Wrist shot by Tony DeAngelo.
3:33 of 3rd period - Shot Misses the Net.
3:46 of 3rd period - Wrist shot by Zemgus Girgensons.
3:46 of 3rd period - Stopped by Mackenzie Blackwood with a rebound.
3:48 of 3rd period - Slapshot by Zemgus Girgensons.
3:48 of 3rd period - Deflect By Oliver Ekman-Larsson.
3:48 of 3rd period - Shot Misses the Net.
3:48 of 3rd period - Puck is out of play.
3:49 of 3rd period - Pierre-Edouard Bellemare wins face-off versus Mikael Backlund in Canucks zone.
4:00 of 3rd period - Wrist shot by Jesse Puljujarvi.
4:00 of 3rd period - Shot Misses the Net.
4:02 of 3rd period - Snap shot by William Carrier.
4:02 of 3rd period - Stopped by Jordan Binnington with a rebound.
4:04 of 3rd period - Slapshot by Justin Schultz.
4:04 of 3rd period - Shot Blocked by Shea Theodore.
4:15 of 3rd period - Minor Penalty to Mikael Backlund for Hooking.
4:16 of 3rd period - Brock Boeser wins face-off versus John Tavares in Hurricanes zone.
4:27 of 3rd period - Wrist shot by Brian Dumoulin.
4:27 of 3rd period - Shot Blocked by Brock Boeser.
4:29 of 3rd period - Slapshot by Jeff Petry.
4:29 of 3rd period - Stopped by Jordan Binnington without a rebound.
4:30 of 3rd period - John Tavares wins face-off versus Brock Boeser in Hurricanes zone.
4:43 of 3rd period - Slapshot by John Tavares.
4:43 of 3rd period - Shot Misses the Net.
4:45 of 3rd period - Slapshot by Ryan Johansen.
4:45 of 3rd period - Stopped by Jordan Binnington with a rebound.
4:47 of 3rd period - Wrist shot by Jonathan Huberdeau.
4:47 of 3rd period - Stopped by Jordan Binnington with a rebound.
6:15 of 3rd period - Penalty to Mikael Backlund is over, Mikael Backlund is back on ice.
6:28 of 3rd period - Snap shot by William Carrier.
6:28 of 3rd period - Shot Misses the Net.
6:30 of 3rd period - Slapshot by Vincent Desharnais.
6:30 of 3rd period - Deflect By Jesse Puljujarvi.
6:30 of 3rd period - Goal by Jesse Puljujarvi - Canucks : 4 - Hurricanes : 2.
6:31 of 3rd period - Tage Thompson wins face-off versus John Tavares in neutral zone.
6:34 of 3rd period - Wrist shot by Ben Chiarot.
6:34 of 3rd period - Deflect By Anders Lee.
6:34 of 3rd period - Shot Misses the Net.
6:34 of 3rd period - Puck is out of play.
6:35 of 3rd period - John Tavares wins face-off versus Tage Thompson in Canucks zone.
6:49 of 3rd period - Slapshot by Jonathan Huberdeau.
6:49 of 3rd period - Stopped by Jordan Binnington without a rebound.
6:50 of 3rd period - Mikael Backlund wins face-off versus John Tavares in Hurricanes zone.
6:50 of 3rd period - Mikael Backlund is hit by Jonathan Huberdeau.
7:43 of 3rd period - Dillon Dube is hit by Pierre-Edouard Bellemare and loses puck.
7:50 of 3rd period - Snap shot by William Carrier.
7:50 of 3rd period - Shot Misses the Net.
7:52 of 3rd period - Wrist shot by Pierre-Edouard Bellemare.
7:52 of 3rd period - Shot Blocked by Damon Severson.
7:54 of 3rd period - Wrist shot by Pierre-Edouard Bellemare.
7:54 of 3rd period - Goal by Pierre-Edouard Bellemare - Canucks : 5 - Hurricanes : 2.
7:55 of 3rd period - Mikael Backlund wins face-off versus John Tavares in neutral zone.
7:57 of 3rd period - Tony DeAngelo is hit by Brian Dumoulin and loses puck.
8:32 of 3rd period - Austin Watson is hit by Dillon Dube and loses puck.
8:49 of 3rd period - Justin Schultz is hit by Marcus Pettersson and loses puck.
9:20 of 3rd period - Icing by Zemgus Girgensons.
9:21 of 3rd period - Jonathan Toews wins face-off versus Mikael Backlund in Hurricanes zone.
9:36 of 3rd period - Wrist shot by Eeli Tolvanen.
9:36 of 3rd period - Stopped by Jordan Binnington without a rebound.
9:37 of 3rd period - Tage Thompson wins face-off versus John Tavares in Hurricanes zone.
10:18 of 3rd period - Icing by Ben Chiarot.
10:19 of 3rd period - Mikael Backlund wins face-off versus John Tavares in Hurricanes zone.
10:19 of 3rd period - Mikael Backlund is hit by Brian Dumoulin.
10:29 of 3rd period - Wrist shot by Mikael Backlund.
10:29 of 3rd period - Stopped by Mackenzie Blackwood without a rebound.
10:30 of 3rd period - Tage Thompson wins face-off versus John Tavares in Canucks zone.
10:33 of 3rd period - Snap shot by Dillon Dube.
10:33 of 3rd period - Shot Misses the Net.
10:45 of 3rd period - Wrist shot by Jonathan Huberdeau.
10:45 of 3rd period - Shot Misses the Net.
10:47 of 3rd period - Snap shot by Ryan Johansen.
10:47 of 3rd period - Stopped by Jordan Binnington without a rebound.
10:48 of 3rd period - Jonathan Toews wins face-off versus Mikael Backlund in Hurricanes zone.
10:57 of 3rd period - Snap shot by Mikael Backlund.
10:57 of 3rd period - Shot Blocked by Brian Dumoulin.
11:49 of 3rd period - Slapshot by Brian Dumoulin.
11:49 of 3rd period - Stopped by Jordan Binnington with a rebound.
12:10 of 3rd period - Off-side.
12:11 of 3rd period - Mikael Backlund wins face-off versus Jonathan Drouin in neutral zone.
12:14 of 3rd period - Snap shot by Zach Parise.
12:14 of 3rd period - Shot Blocked by Jonathan Drouin.
12:34 of 3rd period - Minor Penalty to Damon Severson for High sticking.
12:35 of 3rd period - Mikael Backlund wins face-off versus John Tavares in Hurricanes zone.
13:02 of 3rd period - Jonathan Toews is hit by Noah Cates.
13:52 of 3rd period - Marcus Pettersson is hit by Jonathan Toews and loses puck.
14:34 of 3rd period - Penalty to Damon Severson is over, Damon Severson is back on ice.
14:41 of 3rd period - Noah Cates is hit by William Carrier and loses puck.
15:20 of 3rd period - Dillon Dube is hit by William Carrier and loses puck.
15:39 of 3rd period - Slapshot by Tony DeAngelo.
15:39 of 3rd period - Shot Misses the Net.
15:41 of 3rd period - Snap shot by Tony DeAngelo.
15:41 of 3rd period - Shot Blocked by Brian Dumoulin.
15:43 of 3rd period - Wrist shot by Jimmy Vesey.
15:43 of 3rd period - Shot Misses the Net.
15:45 of 3rd period - Snap shot by Jimmy Vesey.
15:45 of 3rd period - Goal by Jimmy Vesey - Canucks : 5 - Hurricanes : 3.
15:46 of 3rd period - Noah Cates wins face-off versus Jonathan Toews in neutral zone.
15:53 of 3rd period - Wrist shot by Marcus Foligno.
15:53 of 3rd period - Shot Misses the Net.
15:55 of 3rd period - Wrist shot by Noah Cates.
15:55 of 3rd period - Shot Misses the Net.
15:57 of 3rd period - Backhand shot by Shea Theodore.
15:57 of 3rd period - Shot Blocked by Jonathan Toews.
15:59 of 3rd period - Snap shot by Noah Cates.
15:59 of 3rd period - Deflect By Alex Iafallo.
15:59 of 3rd period - Stopped by Mackenzie Blackwood with a rebound.
16:01 of 3rd period - Snap shot by Shea Theodore.
16:01 of 3rd period - Stopped by Mackenzie Blackwood with a rebound.
16:13 of 3rd period - Shea Theodore is hit by Ryan Johansen and loses puck.
16:33 of 3rd period - Damon Severson is hit by Pierre-Edouard Bellemare and loses puck.
17:07 of 3rd period - Marcus Pettersson is hit by Jeff Petry and loses puck.
17:26 of 3rd period - Wrist shot by Marcus Foligno.
17:26 of 3rd period - Shot Misses the Net.
17:28 of 3rd period - Wrist shot by Noah Cates.
17:28 of 3rd period - Shot Misses the Net.
17:30 of 3rd period - Slapshot by Zach Whitecloud.
17:30 of 3rd period - Stopped by Mackenzie Blackwood without a rebound.
17:31 of 3rd period - John Tavares wins face-off versus Tage Thompson in Canucks zone.
17:46 of 3rd period - Wrist shot by Dillon Dube.
17:46 of 3rd period - Stopped by Mackenzie Blackwood with a rebound.
18:02 of 3rd period - Slapshot by Tony DeAngelo.
18:02 of 3rd period - Deflect By Noah Cates.
18:02 of 3rd period - Stopped by Mackenzie Blackwood with a rebound.
18:04 of 3rd period - Wrist shot by Alex Iafallo.
18:04 of 3rd period - Stopped by Mackenzie Blackwood with a rebound.
18:06 of 3rd period - Slapshot by Marcus Foligno.
18:06 of 3rd period - Shot Misses the Net.
18:08 of 3rd period - Snap shot by Alex Iafallo.
18:08 of 3rd period - Stopped by Mackenzie Blackwood without a rebound.
18:09 of 3rd period - Jonathan Toews wins face-off versus Mikael Backlund in Canucks zone.
18:56 of 3rd period - Snap shot by Tage Thompson.
18:56 of 3rd period - Shot Blocked by John Tavares.
19:35 of 3rd period - Snap shot by Brock Boeser.
19:35 of 3rd period - Shot Misses the Net.
19:37 of 3rd period - Snap shot by Marcus Foligno.
19:37 of 3rd period - Shot Misses the Net.
19:39 of 3rd period - Wrist shot by Marcus Foligno.
19:39 of 3rd period - Stopped by Mackenzie Blackwood with a rebound.
19:41 of 3rd period - Snap shot by Jimmy Vesey.
19:41 of 3rd period - Stopped by Mackenzie Blackwood with a rebound.
Goals for this period are 2 for Canucks vs 2 for Hurricanes.
Shots for this period are 10 for Canucks vs 15 for Hurricanes.